 Seeded DCSS version 0.31-a0-544-gceb718ecc6 (webtiles) character file.

Game seed: 3826825538972431165 (custom seed)

814 innerfire43 the Ruffian (level 7, -4/53 HPs)
             Began as a Gnoll Shapeshifter on Aug 15, 2023.
             Slain by Pikel
             ... wielding a +2 whip of electrocution
              (17 damage)
             ... on level 4 of the Dungeon.
             The game lasted 00:03:51 (2411 turns).

innerfire43 the Ruffian (Gnoll Shapeshifter)        Turns: 2411, Time: 00:03:52

Health: -4/53      AC:  2    Str: 16    XL:     7   Next: 93%
Magic:  11/11      EV: 13    Int:  8    God:
Gold:   261        SH:  0    Dex: 12    Spells: 11/11 levels left

rFire   . . .        e - +8 trishula "Condemnation" {holy, anguish, *Noise Fly rN+}
rCold   + . .        (no shield)
rNeg    + . .        a - +0 animal skin
rPois   .            (helmet currently unavailable)
rElec   .            (cloak currently unavailable)
rCorr   .            (gloves currently unavailable)
SInv    +            (boots currently unavailable)
Will    .....        (no amulet)
Stlth   ++           u - ring of see invisible
HPRegen 0.28/turn    r - ring of protection from cold
MPRegen 0.12/turn

%: no passive effects
@: beast-form, flying
A: beast (slay +4), fangs 1, strong nose, distributed training
a: Begin Untransformation


You were on level 4 of the Dungeon.
You were a hulking beast.
You visited 1 branch of the dungeon, and saw 4 of its levels.
You also visited: Ossuary.

You collected 261 gold pieces.

Inventory:

Hand Weapons
 e - the +8 trishula "Condemnation" (weapon) {holy, anguish, *Noise Fly rN+}
   (You acquired it on level 1 of the Dungeon)

   rN+:       It protects you from negative energy.
   Fly:       It grants you flight.
   *Noise:    It may make a loud noise when swung.
Armour
 a - a +0 animal skin (worn)
 o - a +0 helmet
Jewellery
 r - a ring of protection from cold (right hand)
 u - a ring of see invisible (left hand)
Talismans
 c - a beast talisman (active)
 d - a flux talisman
Wands
 B - a wand of polymorph (12)
Scrolls
 f - 2 scrolls of vulnerability {unknown}
 g - a scroll of amnesia {unknown}
 h - 2 scrolls of brand weapon {unknown}
 j - 2 scrolls of identify {unknown}
 k - 7 scrolls of noise
 n - a scroll of torment {unknown}
 s - 2 scrolls of enchant armour {unknown}
 w - a scroll of fog {unknown}
 x - a scroll of enchant weapon {unknown}
 y - a scroll of blinking {unknown}
 z - a scroll of fear {unknown}
Potions
 b - a potion of lignification
 i - 2 potions of mutation {unknown}
 l - a potion of enlightenment {unknown}
 m - 3 potions of curing {unknown}
 p - 2 potions of cancellation {unknown}
 q - 4 potions of brilliance {unknown}
 t - 2 potions of invisibility {unknown}
 v - 2 potions of might {unknown}
 A - a potion of haste {unknown}


   Skills:
 + Level 3.9 Fighting
 + Level 2.8 Short Blades
 + Level 2.8 Long Blades
 + Level 2.8 Axes
 + Level 2.8 Maces & Flails
 + Level 2.8 Polearms
 + Level 2.8 Staves
 + Level 2.8 Ranged Weapons
 + Level 2.8 Throwing
 + Level 2.8 Armour
 + Level 5.4 Dodging
 + Level 2.8 Stealth
 + Level 2.8 Shields
 + Level 7.2 Unarmed Combat
 + Level 2.8 Spellcasting
 + Level 2.3 Conjurations
 + Level 2.3 Hexes
 + Level 2.3 Summonings
 + Level 2.3 Necromancy
 + Level 2.3 Translocations
 + Level 2.3 Transmutations
 + Level 2.3 Fire Magic
 + Level 2.3 Ice Magic
 + Level 2.3 Air Magic
 + Level 2.3 Earth Magic
 + Level 2.3 Poison Magic
 + Level 3.1 Invocations
 + Level 2.8 Evocations
 + Level 7.0 Shapeshifting


You had 11 spell levels left.
You didn't know any spells.
Your spell library was empty.

Dungeon Overview and Level Annotations

Branches:
Dungeon (4/15)            Ossuary (visited)
 Temple: D:4-7

Altars:

Annotations:
D:4 Pikel


Innate Abilities, Weirdness & Mutations

You are a hulking beast.
Your limbs bulge with bestial killing power. (Slay +4)
You have very sharp teeth.
Your uncanny sense of smell can sniff out nearby items.
Your experience applies equally to all skills.


Message History

B - a wand of polymorph (12)
Things that are here:
a +0 leather armour; a +0 rapier No target in view!
A lemure comes into view.
A lemure is nearby!
You reach to attack!
You hit the lemure.
The lemure convulses.
The lemure is haunted by guilt!
The lemure is lightly wounded.
A lemure comes into view.
There are monsters nearby!
You barely miss the lemure.
The lemure is lightly wounded.
The lemure hits you.
The lemure is wracked by anguish.
There are monsters nearby!
You hit the lemure but do no damage.
The lemure is moderately wounded.
The lemure hits you.
The lemure is wracked by anguish.
Pikel, Merchant of Souls comes into view.
He is wielding a +2 whip of electrocution and wearing a +0 robe of willpower.
There are monsters nearby!
You miss the lemure.
The lemure is heavily wounded.
The lemure barely misses you. x2
There are monsters nearby!
You impale the lemure!!
You kill the lemure!
That felt strangely unrewarding.
The lemure hits you! The lemure hits you but does no damage.
Pikel hits you with a +2 whip of electrocution!
There are monsters nearby!
You closely miss Pikel. The lemure barely misses you.
Pikel completely misses you.
There are monsters nearby!
You impale Pikel!!
Pikel is haunted by guilt!
Pikel is heavily wounded.
The lemure hits you.
Pikel hits you with a +2 whip of electrocution!
* * * LOW HITPOINT WARNING * * *
You are electrocuted!
You die...

#........# #........#
#........# #........#
#.#.######### #.#)#
##...# #.#.# ##..#
..###...###..###
#........Kh.##.##
#####..##5[##...##
#####.)#..##.....#
##...#....#####'#####..
##......................
#.....<......).........#
#............#.........#
#............#........[#
##.......)..##.........#


You could see Pikel (anguished) and a lemure.

Vanquished Creatures
  Grinder (D:4)
  Eustachio (D:4)
  A centaur (D:4)
  A lemure (D:4)
  2 human zombies (Ossuary)
  An orc priest (D:3)
  Jessica (D:2)
  An iguana (D:4)
  6 mummies
  Robin (D:2)
  4 adders
  4 gnolls (D:3)
  A worm (D:3)
  A dart slug (D:1)
  5 orcs
  4 bats
  8 endoplasms
  3 giant cockroaches (D:1)
  14 goblins
  7 hobgoblins
  2 jackals (D:2)
  4 kobolds
  2 quokkas
  5 ball pythons
  4 frilled lizards
  A goblin zombie (Ossuary)
  3 kobold zombies (Ossuary)
  2 orc zombies (Ossuary)
  6 rats
96 creatures vanquished.

Vanquished Creatures (others)
  An orc (D:3)
  A ball python (D:3)
2 creatures vanquished.

Grand Total: 98 creatures vanquished

Notes
Turn   | Place    | Note
-------+----------+-------------------------------------------
     0 | D:1      | innerfire43 the Gnoll Shapeshifter began the quest for the
                  | Orb.
     0 | D:1      | Reached XP level 1. HP: 17/17 MP: 1/1
    58 | D:1      | Identified a scroll of acquirement
    58 | D:1      | Acquired the +8 trishula "Condemnation" {holy, anguish,
                  | *Noise Fly rN+}
    58 | D:1      | Found the +8 trishula "Condemnation" {holy, anguish, *Noise
                  | Fly rN+}
   114 | D:1      | Reached XP level 2. HP: 23/23 MP: 2/2
   426 | D:1      | Reached XP level 3. HP: 28/28 MP: 3/3
   619 | D:2      | Noticed Jessica
   620 | D:2      | Killed Jessica
   621 | D:2      | Reached skill level 1 in Short Blades
   621 | D:2      | Reached skill level 1 in Long Blades
   621 | D:2      | Reached skill level 1 in Axes
   621 | D:2      | Reached skill level 1 in Maces & Flails
   621 | D:2      | Reached skill level 1 in Polearms
   621 | D:2      | Reached skill level 1 in Staves
   621 | D:2      | Reached skill level 1 in Ranged Weapons
   621 | D:2      | Reached skill level 1 in Throwing
   621 | D:2      | Reached skill level 1 in Armour
   621 | D:2      | Reached skill level 1 in Stealth
   621 | D:2      | Reached skill level 1 in Shields
   621 | D:2      | Reached skill level 1 in Spellcasting
   621 | D:2      | Reached skill level 1 in Invocations
   621 | D:2      | Reached skill level 1 in Evocations
   801 | D:2      | Reached XP level 4. HP: 30/34 MP: 5/5
   856 | D:2      | Noticed Robin
   875 | D:2      | Reached skill level 1 in Conjurations
   875 | D:2      | Reached skill level 1 in Hexes
   875 | D:2      | Reached skill level 1 in Summonings
   875 | D:2      | Reached skill level 1 in Necromancy
   875 | D:2      | Reached skill level 1 in Translocations
   875 | D:2      | Reached skill level 1 in Transmutations
   875 | D:2      | Reached skill level 1 in Fire Magic
   875 | D:2      | Reached skill level 1 in Ice Magic
   875 | D:2      | Reached skill level 1 in Air Magic
   875 | D:2      | Reached skill level 1 in Earth Magic
   875 | D:2      | Reached skill level 1 in Poison Magic
   879 | D:2      | Killed Robin
  1055 | D:2      | Reached XP level 5. HP: 40/40 MP: 5/7
  1647 | D:3      | Reached XP level 6. HP: 46/47 MP: 8/8
  1909 | D:4      | Reached skill level 5 in Dodging
  1911 | D:4      | Noticed Eustachio
  1913 | D:4      | Noticed Grinder
  1915 | D:4      | Paralysed by Grinder for 3 turns
  1922 | D:4      | Killed Grinder
  1923 | D:4      | Reached XP level 7. HP: 24/52 MP: 10/10
  2102 | D:4      | Killed Eustachio
  2133 | D:4      | Found a sand-covered staircase.
  2140 | Ossuary  | Entered an ossuary
  2407 | D:4      | Noticed Pikel
  2411 | D:4      | Slain by Pikel

Illustrated notes

Levels and vault maps discovered:
D:1:      roderic_crop_circles_arrival_large, layout_basic
D:2:      layout_basic, minmay_distorted, uniq_robin, uniq_jessica
D:3:      layout_basic, minivault_24, minmay_box_of_dots
D:4:      layout_rooms, nicolae_qazlal_eye_of_the_storm,
          mainiacjoe_overflow_chevrons, minmay_temple_entry_statues_fountains,
          gup_ossuary_entry_pyramid, nicolae_elevator_lobby_asterisk,
          uniq_grinder, uniq_eustachio, uniq_pikel, uniq_duvessa

Skill      XL: |  1  2  3  4  5  6  7 |
---------------+----------------------+-----
Short Blades   | 1 2 |  2.8
Long Blades    | 1 2 |  2.8
Axes           | 1 2 |  2.8
Maces & Flails | 1 2 |  2.8
Polearms       | 1 2 |  2.8
Staves         | 1 2 |  2.8
Ranged Weapons | 1 2 |  2.8
Throwing       | 1 2 |  2.8
Armour         | 1 2 |  2.8
Stealth        | 1 2 |  2.8
Shields        | 1 2 |  2.8
Spellcasting   | 1 2 |  2.8
Invocations    | 1 2 3 |  3.1
Evocations     | 1 2 |  2.8
Conjurations   | 1 2 |  2.3
Hexes          | 1 2 |  2.3
Summonings     | 1 2 |  2.3
Necromancy     | 1 2 |  2.3
Translocations | 1 2 |  2.3
Transmutations | 1 2 |  2.3
Fire Magic     | 1 2 |  2.3
Ice Magic      | 1 2 |  2.3
Air Magic      | 1 2 |  2.3
Earth Magic    | 1 2 |  2.3
Poison Magic   | 1 2 |  2.3
Fighting       | 3 |  3.9
Dodging        | 5 |  5.4
Unarmed Combat | 7 |  7.2
Shapeshifting  | 7 |  7.0

Action                     |  1- 3 |  4- 6 |  7- 9 || total
---------------------------+-------+-------+-------++-------
  Melee: Unarmed           |     8 |       |     2 ||    10
         Trishula          |    37 |    76 |    37 ||   150
         Bite              |     1 |     3 |       ||     4
         Punch             |     1 |     4 |       ||     5
    Use: Scroll            |     1 |       |       ||     1
   Stab: Sleeping          |     3 |     3 |     4 ||    10
         Distracted        |       |     1 |       ||     1
 Armour: Animal skin       |     5 |    11 |     1 ||    17
         Skin              |       |       |     1 ||     1
  Dodge: Dodged            |    21 |    51 |    25 ||    97

Table legend: (Time is in decaauts)
 A = Elapsed time spent in this place.
 B = Non-inter-level travel time spent in this place.
 C = Inter-level travel time spent in this place.
 D = Time resting spent in this place.
 E = Time spent auto-exploring this place.
 F = Levels seen in this place.
 G = Mean time per level.
                   A        B        C        D        E       F      G
               +--------+--------+--------+--------+--------+-----+--------+
         Total |   2440 |   2338 |    102 |      0 |   1808 |   5 |  488.0 |
       Dungeon |   2191 |   2089 |    102 |      0 |   1649 |   4 |  547.8 |
       Ossuary |    249 |    249 |      0 |      0 |    159 |   1 |  249.0 |
               +--------+--------+--------+--------+--------+-----+--------+

Top non-repeatable levels by time:
     D:3: 823 daAuts
     D:2: 625 daAuts
     D:1: 625 daAuts
 Ossuary: 249 daAuts
     D:4: 117 daAuts
